 Dungeon Crawl Stone Soup version 0.29.1-2-gbd0b4ee654 (webtiles) character file.

Game seed: 9329126868768324990

93 qeuew the Shooter (level 4, -2/23 HPs)
             Began as a Spriggan Hunter on Nov 3, 2022.
             Slain by Grinder (6 damage)
             ... on level 3 of the Dungeon.
             The game lasted 00:04:05 (1149 turns).

qeuew the Shooter (Spriggan Hunter)                 Turns: 1149, Time: 00:04:06

Health: -2/23      AC:  2    Str:  7    XL:     4   Next: 37%
Magic:  5/5        EV: 18    Int: 10    God:
Gold:   139        SH:  0    Dex: 20    Spells: 3/3 levels left

rFire   . . .      SeeInvis +   l - +2 dagger (venom)
rCold   . . .      Faith    .   (no shield)
rNeg    . . .      Spirit   .   c - +0 robe
rPois   .          Reflect  .   (helmet restricted)
rElec   .          Harm     .   (no cloak)
rCorr   .          Rampage  .   (gloves unavailable)
Will    .....                   (boots unavailable)
Stlth   +++.......              j - amulet of the acrobat
HPRegen 0.07/turn               (no ring)
MPRegen 0.09/turn               (no ring)

@: mighty, very quick
A: very small, no large weapons, unfitting armour, see invisible, speed 3
a: no special abilities


You were on level 3 of the Dungeon.
You visited 1 branch of the dungeon, and saw 3 of its levels.

You collected 139 gold pieces.

Inventory:

Hand Weapons
 a - a +0 shortbow
 l - a +2 dagger of venom (weapon)
Armour
 c - a +0 robe (worn)
Jewellery
 j - an amulet of the acrobat (around neck)
Scrolls
 f - a scroll of blinking
Potions
 b - a potion of mutation
 d - 2 potions of curing


   Skills:
 + Level 2.0 Fighting
 + Level 1.3 Short Blades
 * Level 4.8 Ranged Weapons
 + Level 3.5 Dodging
 + Level 3.1 Stealth


You had 3 spell levels left.
You didn't know any spells.
Your spell library contained the following spells:

 Spells                   Type           Power      Damage    Failure   Level
 Ensorcelled Hibernation  Hex/Ice        0%         N/A       50%         2
 Poisonous Vapours        Pois/Air       0%         N/A       50%         2
 Spider Form              Tmut/Pois      0%         N/A       75%         3
 Anguish                  Hex/Necr       0%         N/A       98%         4
 Corpse Rot               Necr/Pois/Air  0%         N/A       98%         4


Dungeon Overview and Level Annotations

Branches:
Dungeon (3/15)

Altars:

Annotations:
D:3 Grinder


Innate Abilities, Weirdness & Mutations

You are very small and have problems with some larger weapons.
You are too small for most types of armour.
You have supernaturally acute eyesight. (SInv)
You cover ground extremely quickly. (Speed+++)


Message History

You see here an adder corpse.
Found a stone staircase leading up.
You now have 139 gold pieces (gained 5).
Found a stone staircase leading down.
Found a stone staircase leading up.
Grinder comes into view.
Grinder shouts!
Grinder says, "Wait up."
You shoot an arrow. The arrow barely misses Grinder.
You shoot an arrow. The arrow hits Grinder!
Grinder is moderately wounded.
Grinder hits you.
You writhe in agony.
You shoot an arrow. The arrow completely misses Grinder.
Grinder barely misses you.
You shoot an arrow. The arrow closely misses Grinder.
Grinder closely misses you. Grinder hits you.
You writhe in agony.
* * * LOW HITPOINT WARNING * * *
You are too injured to fight recklessly!
You are too injured to fight recklessly!
You are too injured to fight recklessly!
You are too injured to fight recklessly!
You feel better.
You feel a little less clever now. Grinder completely misses you.
You feel very mighty all of a sudden. Grinder closely misses you.
Your +2 dagger of venom begins to drip with poison!
l - a +2 dagger of venom (weapon)
You closely miss Grinder.
Grinder is moderately wounded.
Grinder hits you.
You writhe in agony.
You puncture Grinder!
Grinder is moderately wounded.
Grinder misses you.
You hit Grinder.
Grinder is heavily wounded.
Grinder hits you.
* * * LOW HITPOINT WARNING * * *
You writhe in agony.
You die...

#. #.. ######## #..
#...†<.# #... #......#
#... #......# #...#
#....>.# #....##
#......#
#...5@###......# ..
#...#...#......###....
##. ###..###.#†.....#
#.#####.# #.#.###.##
#.......###.......#
##<......##...#####
#.............#
#.........#...#
..............#


You could see Grinder.

Vanquished Creatures
  4 adders
  4 dart slugs
  5 ball pythons
  5 bats
  2 endoplasms
  4 giant cockroaches
  4 hobgoblins
  4 jackals (D:1)
  3 quokkas
  A frilled lizard (D:1)
  7 kobolds
  4 rats (D:1)
47 creatures vanquished.

Notes
Turn   | Place    | Note
-------+----------+-------------------------------------------
     0 | D:1      | qeuew the Spriggan Hunter began the quest for the Orb.
     0 | D:1      | Reached XP level 1. HP: 10/10 MP: 2/2
    88 | D:1      | Reached XP level 2. HP: 14/14 MP: 3/3
   375 | D:1      | Reached XP level 3. HP: 18/18 MP: 4/4
   714 | D:2      | Reached skill level 1 in Short Blades
   853 | D:2      | Reached XP level 4. HP: 20/23 MP: 5/5
  1139 | D:3      | Noticed Grinder
  1149 | D:3      | Slain by Grinder

Illustrated notes

Levels and vault maps discovered:
D:1:      dpeg_arrival_tiny_f, layout_rooms, minmay_worlds_worst_comb
D:2:      layout_basic
D:3:      layout_rooms, minmay_ruptured, uniq_jessica, uniq_grinder

Skill      XL: |  1  2  3  4 |
---------------+-------------+-----
Dodging        | 3 |  3.5
Stealth        | 2 3 |  3.1
Short Blades   | 1 |  1.3
Fighting       | 2 |  2.0
Ranged Weapons | |  4.8

Action                   |  1- 3 |  4- 6 || total
-------------------------+-------+-------++-------
Melee: Dagger            |       |     3 ||     3
 Fire: Shortbow          |   114 |    28 ||   142
  Use: Scroll            |     4 |     4 ||     8
       Potion            |     1 |     5 ||     6
Armor: Robe              |     3 |       ||     3
Dodge: Dodged            |    34 |    19 ||    53
